 Dungeon Crawl Stone Soup version 0.28-a0-384-g9e0c098162 (webtiles) character file.

Game seed: 3331568677693352709

414 SolCadguy the Chopper (level 6, -3/47 HPs)
             Began as a Palentonga Warper on Sept 3, 2021.
             Slain by Blork the orc (14 damage)
             ... on level 4 of the Dungeon.
             The game lasted 00:12:17 (5284 turns).

SolCadguy the Chopper (Palentonga Warper)           Turns: 5284, Time: 00:12:18

Health: -3/47      AC:  5    Str: 16    XL:     6   Next: 60%
Magic:  9/9        EV:  9    Int: 13    God:
Gold:   173        SH:  0    Dex: 10    Spells: 7/9 levels left

rFire   . . .      SeeInvis +   a - +1 hand axe (freeze)
rCold   . . .      Faith    .   (no shield)
rNeg    . . .      Spirit   .   b - +0 leather armour
rPois   .          Reflect  .   (no helmet)
rElec   .          Harm     .   i - +0 cloak
rCorr   .          Rampage  .   (no gloves)
Will    .....                   (no barding)
Stlth   +.........              r - amulet of the acrobat
HPRegen 0.15/turn               (no ring)
MPRegen 0.11/turn               (no ring)

@: no status effects
A: large, rugged brown scales 3, see invisible, deformed body, roll 1, armoured
tail
a: Rolling Charge


You were on level 4 of the Dungeon.
You visited 1 branch of the dungeon, and saw 5 of its levels.

You collected 199 gold pieces.
You spent 26 gold pieces at shops.

Inventory:

Hand Weapons
 a - a +1 hand axe of freezing (weapon)
 p - a +0 quarterstaff
Missiles
 d - 4 boomerangs of dispersal (quivered)
 f - 30 sling bullets
 q - 15 poisoned darts
Armour
 b - a +0 leather armour (worn)
 i - a +0 cloak (worn)
Jewellery
 r - an amulet of the acrobat (around neck)
Wands
 h - a wand of mindburst (9)
 l - a wand of digging (8)
 w - a wand of acid (7)
Scrolls
 c - a scroll of blinking
 m - a scroll of enchant weapon
 u - a scroll of amnesia
Potions
 g - a potion of brilliance


   Skills:
 - Level 2.0 Fighting
 + Level 7.2 Axes
 - Level 0.6 Throwing
 - Level 0.7 Armour
 - Level 1.5 Dodging
 - Level 2.0 Spellcasting
 - Level 3.0 Translocations


You had 7 spell levels left.
You knew the following spells:

 Your Spells              Type           Power      Damage    Failure   Level
a - Blink                 Tloc           N/A        N/A       14%         2

Your spell library contained the following spells:

 Spells                   Type           Power      Damage    Failure   Level
 Gell's Gravitas          Tloc           4%         N/A       26%         3
 Lesser Beckoning         Tloc           9%         N/A       26%         3
 Teleport Other           Tloc           9%         N/A       26%         3
 Animate Skeleton         Necr           2%         N/A       30%         1
 Magic Dart               Conj           4%         1d3       30%         1
 Pain                     Necr           4%         1d4       30%         1
 Searing Ray              Conj           2%         3d3       43%         2
 Vampiric Draining        Necr           0%         2d6       67%         3
 Manifold Assault         Tloc           9%         N/A       94%         5
 Animate Dead             Necr           0%         N/A       97%         4
 Fulminant Prism          Conj/Hex       0%         3d6       97%         4
 Borgnjor's Vile Clutch   Necr/Erth      0%         N/A       100%        5
 Death Channel            Necr           0%         N/A       100%        6


Dungeon Overview and Level Annotations

Branches:
Dungeon (5/15)
 Temple: D:4-7

Altars:
Gozag
Vehumet

Shops:
D:1 (   D:2 *   D:4 (

Annotations:
D:4 Blork the orc, Robin
D:5 Dowan


Innate Abilities, Weirdness & Mutations

You are completely covered in rugged brown scales. (AC +3, +7% HP)
You have supernaturally acute eyesight. (SInv)
Armour fits poorly on your strangely shaped body.
You can roll at nearby foes to attack.
You have a long armoured tail.


Message History

Press: ? - help, Shift-Dir - straight line, f - Blork the orc
Aim: Blork the orc, wielding a +1 halberd of freezing and wearing a +0 robe (75% to hit)
The bolt of acid hits Blork the orc!
The acid corrodes Blork the orc!
Blork the orc is moderately wounded.
Blork the orc hits you from afar with a +1 halberd of freezing.
Blork the orc freezes you.
Roll where?
Press: ? - help, Dir - move target, f/p - Blork the orc
Aim: Blork the orc, wielding a +1 halberd of freezing and wearing a +0 robe (moderately wounded, covered in acid)
You roll forward with a clatter of scales!
You barely miss Blork the orc.
Blork the orc is moderately wounded.
You hear an angry hiss.
Blork the orc closely misses you.
You barely miss Blork the orc.
Your tail-slap misses Blork the orc.
Blork the orc is moderately wounded.
Blork the orc barely misses you.
You hit Blork the orc but do no damage.
Blork the orc is moderately wounded.
Blork the orc hits you with a +1 halberd of freezing!
Blork the orc freezes you.
You slash Blork the orc! You freeze Blork the orc.
Blork the orc is severely wounded.
Blork the orc casts a spell at you. The magic dart hits you.
You barely miss Blork the orc.
Your tail-slap misses Blork the orc.
Blork the orc is severely wounded.
Blork the orc hits you with a +1 halberd of freezing.
Blork the orc freezes you.
You barely miss Blork the orc.
Blork the orc is severely wounded.
Blork the orc hits you with a +1 halberd of freezing!
* * * LOW HITPOINT WARNING * * *
Blork the orc freezes you.
* * * LOW HITPOINT WARNING * * *
Unknown command.
You hit Blork the orc. You freeze Blork the orc.
Blork the orc is almost dead.
Blork the orc hits you with a +1 halberd of freezing!
You die...

#. .# #..o.o. #. .#
###.... #. .# .oo..
#.##.# #...# ..#.#
#.#.######
#######.#.......
........<.###.
######@#.#..# #o###..###
### #..##....#####
#...#####....∩.....(.##
#...........##.##>..#
#...########..##........#
##. #..#.###...### ..
#..#. ##.## #. ..##. .#


You could see Blork the orc (corroded).

Vanquished Creatures
  Duvessa (D:5)
  2 ogres
  A centaur skeleton (D:3)
  An orc priest (D:4)
  An ufetubus (D:4)
  A worm (D:3)
  3 dart slugs
  5 orcs
  2 ball pythons
  3 endoplasms (D:1)
  3 giant cockroaches
  7 goblins
  6 hobgoblins
  5 kobolds
  3 quokkas
  5 bats
  5 frilled lizards
  10 rats
64 creatures vanquished.

Notes
Turn   | Place    | Note
-------+----------+-------------------------------------------
     0 | D:1      | SolCadguy the Palentonga Warper began the quest for the
                  | Orb.
     0 | D:1      | Reached XP level 1. HP: 17/17 MP: 3/3
   171 | D:1      | Reached XP level 2. HP: 21/23 MP: 5/5
   173 | D:1      | Reached skill level 3 in Axes
   351 | D:1      | Found Hipon's Weapon Shoppe.
   386 | D:1      | Learned a level 2 spell: Blink
   512 | D:1      | Reached XP level 3. HP: 15/28 MP: 6/6
  1382 | D:2      | Found Luaguumo's General Store.
  1393 | D:2      | Bought a scroll of identify for 26 gold pieces
  1528 | D:2      | Found a faded altar of an unknown god.
  1592 | D:3      | Reached skill level 4 in Axes
  1861 | D:3      | Found an opulent altar of Gozag.
  1929 | D:3      | Reached XP level 4. HP: 27/35 MP: 7/7
  2301 | D:3      | Found a radiant altar of Vehumet.
  2737 | D:4      | Noticed Blork the orc
  2807 | D:4      | Noticed a two-headed ogre
  2854 | D:4      | Noticed an ogre
  2873 | D:3      | HP: 1/35 [ogre (26)]
  3278 | D:4      | Noticed Robin
  3944 | D:3      | Killed an ogre
  3945 | D:3      | Reached skill level 5 in Axes
  3945 | D:3      | Reached XP level 5. HP: 18/40 MP: 3/8
  4256 | D:3      | Reached skill level 6 in Axes
  4400 | D:4      | Found Ekokha's Weapon Emporium.
  4677 | D:5      | Entered Level 5 of the Dungeon
  4701 | D:5      | Noticed an ogre
  4706 | D:5      | Killed an ogre
  4707 | D:5      | Reached XP level 6. HP: 47/47 MP: 9/9
  4846 | D:5      | Noticed Dowan
  4847 | D:5      | Noticed Duvessa
  4860 | D:5      | Killed Duvessa
  4861 | D:5      | Reached skill level 7 in Axes
  4925 | D:5      | HP: 1/47 [Dowan/shard of ice (14)]
  5284 | D:4      | Slain by Blork the orc

Illustrated notes

Levels and vault maps discovered:
D:1:      roderic_crossed_star, layout_rooms, serial_shops, nicolae_shop_trees
D:2:      layout_basic, serial_shops, shop,
          chequers_ecumenical_altar_simple_redux, grunt_ministairs_9,
          chequers_decorated_corner
D:3:      layout_basic, lemuel_crystal_altar, mainiacjoe_overflow_alcove_4,
          minmay_quantized
D:4:      layout_loops_ring, serial_shops, nicolae_square_shop, uniq_robin,
          uniq_blork_the_orc, uniq_menkaure
D:5:      layout_loops_ring, xom_butterflies, minmay_temple_entry_overgrown,
          gammafunk_ghost_cemetery, uniq_duvessa

Skill      XL: |  1  2  3  4  5  6 |
---------------+-------------------+-----
Axes           | 3 4 5 6 7 |  7.2
Fighting       | |  2.0
Throwing       | |  0.6
Armour         | |  0.7
Dodging        | |  1.5
Spellcasting   | |  2.0
Translocations | |  3.0

Action                   |  1- 3 |  4- 6 || total
-------------------------+-------+-------++-------
Melee: Hand axe          |   104 |    72 ||   176
       Tailslap          |     5 |     7 ||    12
Throw: Dart              |       |     8 ||     8
       Javelin           |       |     6 ||     6
       Boomerang         |       |     1 ||     1
 Cast: Blink             |       |     9 ||     9
 Abil: Rolling Charge    |    23 |     6 ||    29
Evoke: Wand              |       |     5 ||     5
  Use: Scroll            |     2 |     8 ||    10
       Potion            |       |     4 ||     4
 Stab: Invisible         |       |     1 ||     1
Armor: Leather armour    |    34 |    20 ||    54
Dodge: Dodged            |    51 |    53 ||   104

Table legend: (Time is in decaauts)
 A = Elapsed time spent in this place.
 B = Non-inter-level travel time spent in this place.
 C = Inter-level travel time spent in this place.
 D = Time resting spent in this place.
 E = Time spent auto-exploring this place.
 F = Levels seen in this place.
 G = Mean time per level.
                   A        B        C        D        E       F      G
               +--------+--------+--------+--------+--------+-----+--------+
         Total |   5274 |   4991 |    283 |   2222 |   1900 |   5 | 1054.8 |
       Dungeon |   5274 |   4991 |    283 |   2222 |   1900 |   5 | 1054.8 |
               +--------+--------+--------+--------+--------+-----+--------+

Top non-repeatable levels by time:
     D:3: 2580 daAuts
     D:2: 1182 daAuts
     D:1: 688 daAuts
     D:4: 590 daAuts
     D:5: 232 daAuts
